Map: Base du roi Sejong EC

Players

zidar - Winner!

  • Race: Zerg Zerg
  • League: Gold
  • Spawn Location: 5:00

Thanasis

  • Race: Protoss Protoss
  • League: Gold
  • Spawn Location: 11:00

VOD

Have the link to the VOD?

Description

Time

  • Played on: July 8, 2016, 9:53 a.m.
  • Length: 5:57
Show
View Real Time Build Order
Export as new Build Order

zidar Zerg - Winner!

Build Orders: Pool First 

Get SALT Encoding   

  12  0:01  Drone  
  13  0:12  Overlord  
  13  0:17  Drone  
  14  0:30  Drone x2  
  16  0:42  Spawning Pool  
  15  0:45  Drone  
  16  1:10  Hatchery  
  15  1:11  Drone  
  15  1:15  Extractor  
  15  1:17  Drone  
  16  1:28  Queen  
  18  1:34  Drone  
  19  1:41  Overlord  
  19  1:46  Drone  
  20  2:06  Queen  
  22  2:33  Zergling x10  
  27  2:37  Metabolic Boost  
  27  3:03  Drone x5  
  32  3:18  Roach Warren  
  32  3:19  Zergling x6  
  34  3:28  Overlord x2  
  34  3:41  Zergling x2  
  34  3:42  Zergling x2  
  34  3:46  Zergling x8  
  40  4:01  Drone x4  
  34  4:43  Zergling x20  
  43  5:00  Zergling x2  
  30  5:38  Zergling x10  
  30  5:39  Zergling x14  
Show
View Real Time Build Order
Export as new Build Order

Thanasis Protoss 

Build Orders: Oracle Opening 

Get SALT Encoding   

  12  0:00  Probe (Chrono Boost)  
  13  0:14  Pylon  
  13  0:17  Probe (Chrono Boost)  
  14  0:27  Probe (Chrono Boost)  
  15  0:35  Gateway  
  15  0:40  Assimilator  
  15  0:43  Probe (Chrono Boost)  
  16  0:53  Probe (Chrono Boost)  
  18  1:04  Probe (Chrono Boost)  
  18  1:14  Probe (Chrono Boost)  
  19  1:22  Cybernetics Core  
  19  1:25  Probe (Chrono Boost)  
  20  1:28  Pylon  
  20  1:35  Probe (Chrono Boost)  
  21  1:46  Gateway, Probe (Chrono Boost)  
  22  1:52  Assimilator  
  22  1:57  Probe (Chrono Boost)  
  22  2:01  Zealot  
  25  2:08  Stargate  
  25  2:11  Probe (Chrono Boost)  
  26  2:19  Warp Gate (Chrono Boost)  
  26  2:22  Probe (Chrono Boost)  
  27  2:33  Probe  
  28  2:40  Nexus  
  28  2:45  Pylon  
  28  2:53  Oracle (Chrono Boost)  
  31  3:03  Stalker  
  33  3:11  Gateway  
  33  3:16  Pylon  
  33  3:34  Gateway  
  33  3:36  Sentry  
  35  3:48  Stalker  
  37  3:54  Probe  
  37  3:55  Probe  
  41  4:03  Sentry  
  41  4:04  Sentry, Probe  
  41  4:07  Probe  
  42  4:29  Zealot  
  31  4:42  Zealot  
  31  4:43  Zealot  
  28  5:02  Sentry  
  28  5:03  Sentry  
  28  5:04  Zealot x2  
  32  5:25  Zealot  
  32  5:26  Zealot x2  
  32  5:28  Sentry  
  24  5:46  Zealot  
Tags
 
Add a new tag
Caveats
  • Supply blocks, unpowered buildings, or Contaminate may cause inaccurate times.
  • Supply counts are checked every 10 seconds.